 Dungeon Crawl Stone Soup version 0.02-122-g12e50fee3c (webtiles) character file.

Game seed: 1222227748948403524, levelgen mode: deterministic

1235 funkygono the Magician (level 8, 0/56 HPs) Human Noble. Began on Oct 29, 2020. Killed by divine providence ... invoked by an orc priest (13 damage) ... on level 3 of the Dungeon on Oct 31, 2020. The game lasted 00:22:08 (4077 turns).

funkygono the Magician (Human Noble)                Turns: 4077, Time: 00:22:08

Health: 0/56       AC: 11    Str: 10    XL:     8 ^: 214
Magic:  13/16      EV: 12    Int: 18    God:
Gold:   230        SH:  0    Dex: 12    Spells: 9/18 levels left

rFire    . . .     Vision   .   e - +0 club
rCold    . . .     Gourm    .   (no weapon)
rNeg     . . .     Faith    .   c - +3 steam dragon scales
rPois    +         Spirit   .   (no helmet)
rElec    .         Reflect  .   a - +2 cloak {rPois}
rCorr    .         Harm     .   (no gloves)
MR       .....                  (no boots)
Stlth    ++........             (no amulet)
HPRegen  0.28/turn              (no ring)
MPRegen  0.26/turn              (no ring)

@: no status effects
A: no striking features
a: no special abilities


You were on level 3 of the Dungeon.
You were hungry.

You visited 1 branch of the dungeon, and saw 3 of its levels.
You also visited: Market.

You collected 185 gold pieces.
You spent 955 gold pieces at shops.

Inventory:

Weapons
 e - a +0 club (weapon)
Armour
 a - a +2 cloak of poison resistance (worn)
 c - +3 steam dragon scales (worn)
Jewellery
 l - an uncursed ring of wizardry
Scrolls
 g - a scroll of magic mapping
 i - 2 scrolls of amnesia
 j - a scroll of teleportation
 n - a scroll of blinking
Potions
 d - a potion of brilliance
 h - 2 potions of curing
 k - a potion of berserk rage
 m - a potion of haste
Comestibles
 b - 7 rations
 f - 5 chunks of flesh


   Skills:
 + Level 2.1 Fighting
 + Level 1.0 Maces & Staves
 + Level 2.3 Dodging
 - Level 1.2 Stealth
 - Level 0.1 Unarmed Combat
 + Level 5.6 Spellcasting
 + Level 5.4 Fire Magic
 * Level 2.5 Air Magic
 * Level 2.0 Poison Magic


You had 9 spell levels left.
You knew the following spells:

 Your Spells              Type           Power        Failure   Level  Hunger
a - Flame Tongue          Fire           24 (40)      1%          1    None
b - Blink                 Tloc           N/A          19%         2    None
c - Conjure Flame         Fire           24 (100)     4%          3    ##.....
d - Mephitic Cloud        Pois/Air       13 (100)     14%         3    ##.....

Your spell library contained the following spells:

 Spells                   Type           Power        Failure   Level  Hunger
 Call Imp                 Summ           5 (100)      19%         2    None
 Slow                     Hex            5 (100)      19%         2    None


Dungeon Overview and Level Annotations

Branches:
Dungeon (3/8)

Altars:

Annotations:
D:3 1 runed translucent door


Message History

The orc priest looks satisfied for a moment.
The giant cockroach barely misses you (0).
You barely miss something. You hit something but do no damage.
Something hits you (4).
The giant cockroach barely misses you (0).
The orc priest zaps a wand.
The giant cockroach bites you but does no damage.
The orc priest miscasts a cantrip.
The giant cockroach bites you but does no damage.
An orc priest comes into view.
The orc priest looks braver for a moment.
The giant cockroach closely misses you (0).
The orc priest calls down the wrath of Beogh upon you.
Beogh smites you!
* * * LOW HITPOINT WARNING * * *
There is a stone staircase leading down here.
Some of the chunks of flesh in your inventory have rotted away.
The orc priest invokes the aid of Beogh against you.
Beogh smites you!
You die...

. #....†...# #.
##....... #.. ##.....o#
#.#####o..##o#
##....#...# #.##
#..#.s...# ##..###
###.#...>#..###...>.###
#..#...o###..##.......##
#...###@###...o.........
#..#.....###............
#.....####........... ##
#.......##...........
#..#.##.................
#....#....<...........#
###...................#
###..................
#.........


You could see an orc priest, an orc and a giant cockroach.

Vanquished Creatures
  A slime creature (D:2)
  A crocodile (D:2)
  2 big kobolds (D:2)
  2 bullfrogs (D:2)
  A howler monkey (D:3)
  A scorpion (D:3)
  An orc priest (D:3)
  4 jellies (D:2)
  An iguana (D:3)
  2 worker ants (D:3)
  6 adders
  27 sewer rats (D:2)
  5 cinder newts
  4 worms
  4 oozes
  3 dart slugs (D:1)
  8 leopard geckos
  4 orcs (D:3)
  An adder skeleton (D:2)
  A cinder newt skeleton (D:2)
  7 giant cockroaches
  4 goblins (D:1)
  4 hobgoblins (D:1)
  17 kobolds
  A quokka (D:3)
  4 ball pythons (D:2)
  10 bats
  A bat skeleton (D:2)
  A jackal skeleton (D:3)
  2 kobold skeletons (D:2)
  A leopard gecko skeleton (D:3)
  8 rats
  5 withered plants (D:2)
144 creatures vanquished.

Vanquished Creatures (others)
  A jelly (D:2)
  7 sewer rats (D:2)
  A ball python (D:2)
  A bat (D:2)
  A bat skeleton (D:2)
  A kobold skeleton (D:2)
  A rat (D:2)
  A giant blowfly (D:2)
  173 withered plants (D:2)
187 creatures vanquished.

Grand Total: 331 creatures vanquished

Notes
Turn   | Place    | Note
-------+----------+-------------------------------------------
     0 | Start Ma | funkygono the Human Noble began the quest for the Orb.
     0 | Start Ma | Reached XP level 1. HP: 15/15 MP: 2/2
     0 | Start Ma | Found Nigriz's Expert Tomes.
     0 | Start Ma | Found Mazot's Auxillary Armour.
    12 | Start Ma | Found Wiopesm's Mashing MeleeMart.
    50 | Start Ma | Bought +0 steam dragon scales for 400 gold pieces
   133 | Start Ma | Bought a book of Minor Magic for 300 gold pieces
   143 | Start Ma | Bought a +0 cloak of poison resistance for 255 gold pieces
   151 | Start Ma | Learned a level 1 spell: Flame Tongue
   158 | D:1      | funkygono set off with the following items: a +0 cloak of
                  | poison resistance, a ration, +0 steam dragon scales; and
                  | the following spell memorised: Flame Tongue; and the
                  | following spells available to memorise: Blink, Call Imp,
                  | Slow, Conjure Flame, Mephitic Cloud
   204 | D:1      | Reached XP level 2. HP: 18/21 MP: 0/3
   253 | D:1      | Learned a level 2 spell: Blink
   409 | D:1      | Reached XP level 3. HP: 26/26 MP: 3/5
   485 | D:1      | Reached skill level 1 in Fire Magic
   915 | D:1      | Reached XP level 4. HP: 33/33 MP: 3/7
  1165 | D:2      | Noticed a big kobold
  1178 | D:2      | Killed a big kobold
  1178 | D:2      | Reached XP level 5. HP: 38/38 MP: 0/9
  1387 | D:2      | Reached skill level 1 in Dodging
  1404 | D:2      | Reached XP level 6. HP: 16/44 MP: 0/10
  1633 | D:2      | Learned a level 3 spell: Conjure Flame
  1637 | D:2      | Learned a level 3 spell: Mephitic Cloud
  2070 | D:2      | Reached XP level 7. HP: 11/50 MP: 6/12
  2366 | D:2      | Reached skill level 1 in Maces & Staves
  2366 | D:2      | Reached skill level 1 in Air Magic
  2777 | D:2      | Reached skill level 1 in Poison Magic
  2777 | D:2      | Reached XP level 8. HP: 28/56 MP: 3/15
  3133 | D:2      | Reached skill level 5 in Spellcasting
  3525 | D:3      | Reached skill level 5 in Fire Magic
  3879 | D:3      | Found the +10 large shield of Ignorance {rN+ Int-4}
  3884 | D:3      | Found a runed translucent door.
  4077 | D:3      | Killed from afar by an orc priest

Levels and vault maps discovered:
D:1:      dpeg_arrival_windows_large_door, layout_loops_ring, first_ration
D:2:      layout_sewer, serial_glass, glass_columns_a, glass_columns_b
D:3:      layout_layer_cave, chequers_guarded_unrand_ignorance

Skill      XL: |  1  2  3  4  5  6  7  8 |
---------------+-------------------------+-----
Fire Magic     | 1 2 3 4 5 |  5.4
Spellcasting   | 2 3 4 5 |  5.6
Dodging        | 1 2 |  2.3
Fighting       | 2 |  2.1
Maces & Staves | 1 |  1.0
Air Magic      | 1 2 |  2.5
Poison Magic   | 1 2 |  2.0
Stealth        | |  1.2
Unarmed Combat | |  0.1

Action                   |  1- 3 |  4- 6 |  7- 9 || total
-------------------------+-------+-------+-------++-------
Melee: Unarmed           |    67 |    98 |    19 ||   184
       Club              |    30 |   106 |    20 ||   156
 Cast: Flame Tongue      |    48 |    93 |   168 ||   309
       Mephitic Cloud    |       |     1 |     4 ||     5
  Use: Scroll            |       |     6 |     1 ||     7
       Potion            |       |     2 |       ||     2
 Stab: Confused          |       |     1 |       ||     1
  Eat: Chunk             |     1 |     5 |     7 ||    13
Armor: Steam dragon scal |    24 |    47 |    22 ||    93
Dodge: Dodged            |    49 |   131 |    40 ||   220
